AoeStats
← Noobtoob

Socotra

504126053Analyzed
4v4 RM · 27d ago on Sep 4, 2026· 65m 6s· 8 players
Game mode
Random Map
Map size
148×148
Population
200
Speed
Normal
Resources
Standard
Victory
Conquest
Starting age
Dark Age
Ending age
Imperial Age
RankedLock teamsTeams togetherTeam positionsShared explorationLock speedFull tech treeHidden civsTurbo modeCheats
Victory
Defeat
🇺🇸 Burgundians · United States
817
+13
🇺🇸 Franks · United States
805
+13
🇺🇸 Hindustanis · United States
720
+17
🇺🇸 Khmer · United States
562
+25
🇨🇴 Aztecs · Colombia
768
-18
🇨🇴 Portuguese · Colombia
767
-18
🇨🇱 Huns · Chile
752
-17
🇺🇸 Burmese · United States
706
-15
BigJ
8:45 Loom
11:57 Feudal Age
13:22 Double-Bit Axe
25:21 Castle Age
39:24 Imperial Age
37:43 Light Cavalry
41:14 Cavalier
44:22 Chemistry
46:00 Scale Barding Armor
47:46 Paladin
Noobtoob
11:42 Feudal Age
12:51 Double-Bit Axe
15:35 Man-at-Arms
16:37 Horse Collar
19:23 Wheelbarrow
19:43 Scale Mail Armor
21:48 Gold Mining
27:03 Castle Age
28:42 Gold Shaft Mining
29:57 Bow Saw
29:54 Heavy Plow
30:00 Long Swordsman
30:41 Squires
30:27 Arson
31:25 Stone Mining
33:07 Bloodlines
32:58 Husbandry
36:10 Stone Shaft Mining
36:13 Hand Cart
37:03 Caravan
45:31 Imperial Age
43:02 Pikeman
45:06 Scale Barding Armor
45:19 Chain Mail Armor
45:18 Forging
48:03 Two-Man Saw
48:02 Two-Handed Swordsman
50:54 Heavy Camel Rider
51:24 Champion
53:52 Grand Trunk Road
54:20 Conscription
55:07 Imperial Camel Rider
56:47 Hoardings
64:39 Elite Ghulam
TheBoss2333
4:28 Loom
13:12 Feudal Age
12:00 Double-Bit Axe
12:46 Horse Collar
14:14 Heavy Plow
15:26 Gold Mining
16:31 Bow Saw
18:52 Scale Mail Armor
19:14 Town Watch
19:57 Arson
24:56 Forging
27:26 Gold Shaft Mining
32:53 Castle Age
31:02 Stone Mining
34:01 Chain Mail Armor
34:35 Crop Rotation
34:26 Squires
37:04 Iron Casting
42:31 Two-Man Saw
42:10 Stone Shaft Mining
43:56 Cavalier
44:38 Husbandry
44:47 Scale Barding Armor
49:07 Imperial Age
48:45 Chain Barding Armor
50:24 Plate Mail Armor
57:43 Blast Furnace
rod
7:56 Loom
14:16 Feudal Age
15:49 Wheelbarrow
15:02 Horse Collar
21:33 Bloodlines
21:34 Scale Barding Armor
21:46 Forging
22:06 Man-at-Arms
28:41 Double-Bit Axe
31:15 Scale Mail Armor
35:06 Castle Age
36:13 Hand Cart
35:24 Long Swordsman
36:10 Husbandry
37:14 Chain Barding Armor
43:32 Iron Casting
48:22 Imperial Age
50:37 Two-Handed Swordsman
53:24 Tusk Swords
52:49 Elite Ballista Elephant
60:32 Double Crossbow
ChileAvaria
14:16 Feudal Age
12:35 Loom
16:22 Town Watch
17:13 Wheelbarrow
16:46 Double-Bit Axe
16:57 Stone Mining
16:58 Gold Mining
20:02 Fletching
26:28 Castle Age
ZeroFuqsGiven
5:43 Loom
12:09 Feudal Age
16:22 Horse Collar
17:23 Bloodlines
23:44 Castle Age
22:30 Gold Mining
26:38 Forging
35:29 Imperial Age
Tutankamón13
12:08 Feudal Age
12:44 Horse Collar
12:53 Double-Bit Axe
13:21 Arson
16:26 Gold Mining
19:29 Wheelbarrow
22:53 Padded Archer Armor
22:57 Scale Mail Armor
23:08 Forging
26:08 Castle Age
26:57 Stone Mining
27:38 Bow Saw
27:32 Heavy Plow
29:53 Hand Cart
31:23 Fletching
33:51 Atlatl
34:02 Eagle Warrior
35:01 Loom
41:35 Chain Mail Armor
47:34 Coinage
48:05 Iron Casting
50:50 Imperial Age
57:46 Capped Ram
sebastiannava98
2:38 Loom
13:06 Feudal Age
13:33 Double-Bit Axe
14:24 Horse Collar
19:57 Castle Age
20:20 Wheelbarrow
21:03 Arson
21:37 Town Watch
23:55 Stone Mining
23:56 Gold Mining
25:34 Bow Saw
26:14 Heavy Plow
27:26 Hand Cart
28:40 Town Patrol
31:16 Padded Archer Armor
31:06 Fletching
31:27 Forging
30:46 Pikeman
35:18 Town Patrol
37:52 Imperial Age
37:10 Town Patrol
37:16 Town Patrol
37:20 Murder Holes
37:17 Heated Shot
37:38 Masonry
38:23 Husbandry
41:06 Gambesons
44:54 Ballistics
46:48 Chemistry
47:55 Leather Archer Armor
47:36 Bodkin Arrow
47:47 Scale Barding Armor
47:42 Scale Mail Armor
49:09 Halberdier
59:22 Ring Archer Armor
Connection lost

Rejoining the realm…

Still unreachable

The connection could not be restored.

Session expired

The server has moved on; the page needs a fresh start.